 Dungeon Crawl Stone Soup version 0.23-a0-61-g4bf3f6c (webtiles) character file.

1241 Mgcat the Chiller (level 8, -6/41 HPs)
             Began as a Kobold Ice Elementalist on Aug 9, 2018.
             Was a High Priest of Jiyva.
             Mangled by an ice beast (21 damage)
             ... on level 7 of the Dungeon.
             The game lasted 00:18:23 (5996 turns).

Mgcat the Chiller (Kobold Ice Elementalist)         Turns: 5996, Time: 00:18:23

Health: -6/41      AC:  4    Str:  9    XL:     8   Next: 78%
Magic:  1/16       EV: 14    Int: 20    God:    Jiyva [*****.]
Gold:   236        SH:  0    Dex: 10    Spells: 3/17 levels left

rFire    + . .     SeeInvis +   g - +6 dagger (flame)
rCold    x . .     Gourm    .   (shield restricted)
rNeg     . . .     Faith    .   a - +0 robe
rPois    +         Spirit   .   (helmet restricted)
rElec    +         Reflect  .   (no cloak)
rCorr    +         Harm     .   (no gloves)
MR       .....                  d - +1 pair of boots
Stlth    ++........             (no amulet)
HPRegen  0.13/turn              n - ring "Xuuj" {rElec rPois rF+ rC- SInv}
MPRegen  0.15/turn              (no ring)

@: very slightly contaminated
A: small, horns 1, carnivore
a: Request Jelly, Slimify, Cure Bad Mutation, Renounce Religion


You were on level 7 of the Dungeon.
You worshipped Jiyva.
Jiyva was extremely pleased with you.
You were very full.

You visited 1 branch of the dungeon, and saw 7 of its levels.
You also visited: Sewer.

You collected 236 gold pieces.

Inventory:

Hand Weapons
 g - a +6 dagger of flaming (weapon)
   (You took it off a goblin on level 1 of the Dungeon)
Armour
 a - a +0 robe (worn)
 d - a +1 pair of boots (worn)
   (You found it on level 1 of the Dungeon)
 f - a +0 helmet
   (You found it on level 5 of the Dungeon)
Jewellery
 n - the ring "Xuuj" (left hand) {rElec rPois rF+ rC- SInv}
   (You found it on level 5 of the Dungeon)

   [ring of see invisible]

   It protects you from fire.
   It makes you vulnerable to cold.
   It insulates you from electricity.
   It protects you from poison.
   It lets you see invisible.
Wands
 l - a wand of digging (12)
   (You found it on level 5 of the Dungeon)
Scrolls
 b - a scroll of immolation {!r}
 e - 8 scrolls of identify
 h - 4 scrolls of teleportation
Potions
 j - a potion of magic
 k - a potion of flight
 m - a potion of haste
Comestibles
 c - 9 rations


   Skills:
 - Level 2.4 Dodging
 - Level 2.6 Stealth
 + Level 5.4 Spellcasting
 + Level 5.5 Conjurations
 + Level 2.3 Summonings
 + Level 6.6 Ice Magic


You had 3 spell levels left.
You knew the following spells:

 Your Spells              Type           Power        Failure   Level  Hunger
a - Freeze                Ice            ####         1%          1    None
b - Throw Frost           Conj/Ice       ####..       1%          2    None
c - Ozocubu's Armour      Chrm/Ice       ###.....     9%          3    ##.....
d - Throw Icicle          Conj/Ice       ####....     9%          4    ####...
e - Summon Ice Beast      Ice/Summ       ###.....     17%         4    ####...

Your spell library contained the following spells:

 Spells                   Type           Power        Failure   Level  Hunger
 Apportation              Tloc           #.....       11%         1    None
 Summon Small Mammal      Summ           ###.         4%          1    None
 Animate Skeleton         Necr           N/A          11%         1    None
 Confusing Touch          Hex            #.....       11%         1    None


Dungeon Overview and Level Annotations

Branches:
Dungeon (7/15)             Temple (0/1) D:5

Altars:
Okawaru
Sif Muna
Trog
Vehumet
Xom
Jiyva


Innate Abilities, Weirdness & Mutations

You are small and have problems with some larger weapons.
You are carnivorous and can eat meat at any time.
You have a pair of small horns on your head.


Message History

Jiyva appreciates your sacrifice.
You feel a little less hungry.
You feel your power returning. Jiyva appreciates your sacrifice.
You feel a little less hungry.
You feel your power returning. Jiyva appreciates your sacrifice.
You feel a little less hungry.
You feel your power returning.
You hear a squelching noise.
You hear a distant slurping noise.
Jiyva appreciates your sacrifice.
You feel a little less hungry.
You feel your power returning.
You hear a distant slurping noise.
Jiyva appreciates your sacrifice.
You feel your power returning.
You hear a distant slurping noise.
Jiyva appreciates your sacrifice.
You feel a little less hungry.
You feel your power returning.
You hear a distant slurping noise.
You feel a little less hungry.
You feel your power returning.
Things that are here:
a halberd of freezing; a robe You hear a distant slurping noise.
Jiyva appreciates your sacrifice.
You feel a little less hungry.
Things that are here:
a war axe; a robe You see here a giant club.
Things that are here:
a dagger; a robe Unknown command.
You hear a distant slurping noise.
Jiyva appreciates your sacrifice.
You feel a little less hungry. Jiyva appreciates your sacrifice.
You feel a little less hungry.
Things that are here:
an enchanted short sword; a robe The worker ant is too close now for your liking.
Casting: Throw Icicle (safe; 10% risk of failure)
Confirm with . or Enter, or press ? or * to list all spells.
Aiming: Throw Icicle (safe; 10% risk of failure)
Press: ? - help, Shift-Dir - straight line, f - worker ant
Aim: a worker ant (hasn't noticed you)
The shard of ice hits the worker ant.
The worker ant is severely wounded.
The worker ant twitches its antennae in your direction.
Casting: Throw Icicle (safe; 10% risk of failure)
Confirm with . or Enter, or press ? or * to list all spells.
Aiming: Throw Icicle (safe; 10% risk of failure)
Press: ? - help, Shift-Dir - straight line, f/p - worker ant
Aim: a worker ant (severely wounded)
You miscast Throw Icicle.
You are very lightly contaminated with residual magic.
The air around you crackles with energy!
Casting: Throw Icicle (safe; 10% risk of failure)
Confirm with . or Enter, or press ? or * to list all spells.
Aiming: Throw Icicle (safe; 10% risk of failure)
Press: ? - help, Shift-Dir - straight line, f/p - worker ant
Aim: a worker ant (severely wounded)
The shard of ice hits the worker ant.
You kill the worker ant!
Your life force feels restored.
Unknown command.
Unknown command.
Unknown command.
Unknown command.
Some of the chunks of flesh in your inventory have rotted away.
An ice beast comes into view.
Casting: Throw Icicle (safe; 9% risk of failure)
Confirm with . or Enter, or press ? or * to list all spells.
You miscast Summon Ice Beast.
Wisps of condensation drift from your hands.
Casting: Summon Ice Beast (slightly dangerous; 17% risk of failure)
Confirm with . or Enter, or press ? or * to list all spells.
You don't have enough magic to cast that spell.
Things that are here:
an enchanted short sword; a robe
Things that are here:
a dagger; a robe You see here a giant club.
Casting: Summon Ice Beast (slightly dangerous; 17% risk of failure)
Confirm with . or Enter, or press ? or * to list all spells.
You miscast Summon Ice Beast.
Frost spreads across the the floor.
A worker ant comes into view.
The worker ant moves out of view.
All of the chunks of flesh in your inventory have rotted away.
Things that are here:
a war axe; a robe The worker ant twitches its antennae in your direction.
Things that are here:
a halberd of freezing; a robe The ice beast hits you.
The ice beast freezes you!!
You feel a terrible chill!
Ouch! That really hurt!
You see here 6 sling bullets.
Casting: Summon Ice Beast (slightly dangerous; 17% risk of failure)
Confirm with . or Enter, or press ? or * to list all spells.
You miscast Summon Ice Beast.
You hear strange voices.
The ice beast hits you. The ice beast freezes you!!
You feel a terrible chill!
Ouch! That really hurt!
You die...

..# #<# #.# #.# #.#
. #.# .#
###.######### .#
#....(..aY@.# .#
#.#.#######<# .#
#.#.# #.# .# #.#.#
#.#
.######.#)#######.#
....)..........##.#
.######.#.####.##.#
.# #.#.# #.. .#
#.#.# ###


You could see an ice beast and a worker ant.

Vanquished Creatures
  Prince Ribbit (D:6)
  A sky beast (D:6)
  4 ogres
  A phantom (D:5)
  A bullfrog (D:7)
  A scorpion (D:5)
  4 wights (D:7)
  2 hounds
  2 iguanas (D:7)
  3 worker ants
  2 orc wizards (D:4)
  A worker ant zombie (D:5)
  4 adders
  A river rat (D:3)
  2 worms (D:2)
  3 dart slugs
  2 leopard geckos (D:3)
  5 orcs
  12 bats
  2 giant cockroaches (D:1)
  5 goblins
  A hobgoblin (D:2)
  A jackal (D:6)
  2 kobolds
  2 quokkas
  7 frilled lizards
  A quokka zombie (D:6)
  6 rats
79 creatures vanquished.

Vanquished Creatures (collateral kills)
  A bullfrog (D:6)
1 creature vanquished.

Vanquished Creatures (others)
  The ghost of iamserjio the Chopper, an amateur NaBe of Trog (D:4)
  Duvessa (D:7)
  3 ogres
  11 jellies
  Dowan (D:7)
  A scorpion (D:4)
  A howler monkey (D:7)
  A centaur zombie (D:7)
  2 hounds
  2 orc priests (D:4)
  6 orc wizards
  4 worker ants
  An adder (D:6)
  An adder skeleton (D:4)
  A worm (D:4)
  12 orcs
  A goblin (D:3)
  A hobgoblin (D:3)
  4 jackals
55 creatures vanquished.

Grand Total: 135 creatures vanquished

Notes
Turn   | Place    | Note
-------+----------+-------------------------------------------
     0 | D:1      | Mgcat the Kobold Ice Elementalist began the quest for the Orb.
     0 | D:1      | Reached XP level 1. HP: 10/10 MP: 3/3
   133 | D:1      | Reached XP level 2. HP: 15/15 MP: 0/5
   137 | D:1      | Learned a level 2 spell: Throw Frost
  1061 | D:2      | Reached XP level 3. HP: 19/19 MP: 0/6
  1066 | D:2      | Learned a level 3 spell: Ozocubu's Armour
  1220 | D:1      | Reached skill level 4 in Ice Magic
  1446 | D:2      | Reached skill level 2 in Conjurations
  1515 | D:2      | Reached XP level 4. HP: 24/24 MP: 0/7
  1626 | D:2      | Found a faded altar of an unknown god.
  1641 | D:2      | Became a worshipper of Jiyva Jirha the Shapeless
  1641 | D:2      | Reached * piety under Jiyva
  1983 | D:3      | Found a glowing drain.
  2033 | Sewer    | Entered a sewer
  2155 | Sewer    | Noticed a crocodile
  2352 | D:3      | Reached ** piety under Jiyva
  2713 | D:4      | Noticed an ogre
  2717 | D:4      | Reached XP level 5. HP: 28/28 MP: 1/9
  2720 | D:4      | Killed iamserjio's ghost
  2729 | D:4      | Killed an ogre
  2794 | D:4      | Killed an ogre
  2794 | D:4      | Reached skill level 3 in Spellcasting
  2794 | D:4      | Reached skill level 3 in Conjurations
  2794 | D:4      | Reached XP level 6. HP: 14/32 MP: 2/10
  2794 | D:4      | Reached *** piety under Jiyva
  3005 | D:4      | Learned a level 4 spell: Throw Icicle
  3016 | D:4      | Gained mutation: You are partially covered in slimy green scales. (AC +2) [Jiyva's grace]
  3023 | D:4      | Reached skill level 5 in Ice Magic
  3044 | D:4      | Killed an ogre
  3045 | D:4      | Reached **** piety under Jiyva
  3179 | D:4      | Found a bloodstained altar of Trog.
  3227 | D:4      | Found an iron altar of Okawaru.
  3227 | D:4      | Found a deep blue altar of Sif Muna.
  3227 | D:4      | Found a radiant altar of Vehumet.
  3470 | D:4      | Found a transporter.
  3473 | D:4      | Found a transporter.
  3628 | D:5      | Entered Level 5 of the Dungeon
  3650 | D:5      | Noticed an ogre
  3653 | D:5      | Killed an ogre
  3719 | D:5      | Noticed a phantom
  3786 | D:5      | HP: 8/32 [phantom (1)]
  3791 | D:5      | HP: 7/32 [phantom (2)]
  4054 | D:5      | Killed a phantom
  4054 | D:5      | Reached skill level 4 in Spellcasting
  4054 | D:5      | Reached XP level 7. HP: 14/36 MP: 1/13
  4245 | D:4      | Learned a level 4 spell: Summon Ice Beast
  4400 | D:5      | Reached skill level 4 in Conjurations
  4481 | D:5      | Found a shimmering altar of Xom.
  4592 | D:5      | Found a staircase to the Ecumenical Temple.
  4687 | D:5      | Got a translucent turquoise ring
  4688 | D:5      | Identified the ring "Xuuj" {rElec rPois rF+ rC- SInv} (You found it on level 5 of the Dungeon)
  4984 | D:6      | Reached skill level 6 in Ice Magic
  4984 | D:6      | Reached XP level 8. HP: 41/41 MP: 0/15
  5046 | D:6      | Noticed Prince Ribbit
  5048 | D:6      | Killed Prince Ribbit
  5067 | D:6      | Reached ***** piety under Jiyva
  5419 | D:6      | Lost mutation: You are partially covered in slimy green scales. (AC +2) [Jiyva's grace]
  5517 | D:7      | Reached skill level 5 in Spellcasting
  5517 | D:7      | Reached skill level 5 in Conjurations
  5517 | D:7      | Reached skill level 1 in Summonings
  5518 | D:7      | HP: 10/41 [bullfrog (3)]
  5823 | D:7      | Reached skill level 2 in Summonings
  5907 | D:7      | Killed Duvessa
  5909 | D:7      | Gained mutation: You have a pair of small horns on your head. [Jiyva's grace]
  5919 | D:7      | Killed Dowan
  5996 | D:7      | Mangled by an ice beast

Vault maps used:
D:1:      dpeg_chamrin_arrival_tetris, serial_co_window_serial,
          co_window_paths_a, co_window_corner_a, co_window_of_opportunity_a,
          co_window_corner_a, co_window_paths_b, co_window_corner_ca,
          co_window_broadway_a, co_window_unsneaky_path_d, glass_columns_b,
          glass_columns_a
D:2:      first_ration, chequers_ecumenical_altar_simple_redux,
          minmay_misc_feat_more_columns
D:3:      gup_sewer_entry_bowl, item_on_display_a
D:4:      kennysheep_mini_moat, grunt_temple_overflow_open,
          gammafunk_ghost_smash
D:5:      lemuel_round_altar, minmay_temple_entry_purple_smoke
D:6:      uniq_prince_ribbit1
D:7:      nicolae_overflow_crystal_walls, kennysheep_mini, uniq_harold,
          uniq_joseph, uniq_duvessa, uniq_crazy_yiuf_cottage
Sewer:    sewer_big_baddie

Skill      XL: |  1  2  3  4  5  6  7  8 |
---------------+-------------------------+-----
Ice Magic      | 4 5 6 |  6.6
Conjurations   | 2 3 4 5 |  5.5
Spellcasting   | 3 4 5 |  5.4
Summonings     | 2 |  2.3
Dodging        | |  2.4
Stealth        | |  2.6

Action                   |  1- 3 |  4- 6 |  7- 9 || total
-------------------------+-------+-------+-------++-------
Melee: Unarmed           |     4 |       |       ||     4
       Dagger            |     1 |    45 |    17 ||    63
 Cast: Freeze            |    19 |    27 |    15 ||    61
       Throw Frost       |    22 |    35 |    25 ||    82
       Ozocubu's Armour  |       |     2 |       ||     2
       Throw Icicle      |       |     6 |    31 ||    37
       Summon Ice Beast  |       |       |     1 ||     1
  Use: Potion            |     3 |       |       ||     3
       Scroll            |     1 |     5 |     8 ||    14
 Stab: Sleeping          |       |       |     2 ||     2
  Eat: Chunk             |    12 |     4 |     5 ||    21
Armor: Robe              |     4 |    13 |     5 ||    22
Dodge: Dodged            |    25 |    34 |    17 ||    76

Table legend:
 A = Non-vault XP
 B = Vault XP
 C = Vault XP percentage of total XP
 D = Non-vault monster count
 E = Vault monster count
 F = Vault count percentage of total count
 G = Total turns spent on level
                 A         B        C        D         E       F
            +---------+---------+-------+---------+---------+-------
      Total |    1641 |     132 |   7.4 |      71 |       9 |  11.2
            +---------+---------+-------+---------+---------+-------
        D:1 |      46 |       0 |   0.0 |      19 |       0 |   0.0
        D:2 |      42 |       0 |   0.0 |      14 |       0 |   0.0
        D:3 |       8 |      19 |  70.4 |       5 |       3 |  37.5
        D:4 |     239 |       0 |   0.0 |       6 |       0 |   0.0
        D:5 |     454 |       0 |   0.0 |       8 |       0 |   0.0
        D:6 |     231 |     106 |  31.5 |       6 |       1 |  14.3
        D:7 |     621 |       0 |   0.0 |      13 |       0 |   0.0
      Sewer |       0 |       7 | 100.0 |       0 |       5 | 100.0
            +---------+---------+-------+---------+---------+-------

Vault maps used:
D:1:      dpeg_chamrin_arrival_tetris, serial_co_window_serial,
          co_window_paths_a, co_window_corner_a, co_window_of_opportunity_a,
          co_window_corner_a, co_window_paths_b, co_window_corner_ca,
          co_window_broadway_a, co_window_unsneaky_path_d, glass_columns_b,
          glass_columns_a
D:2:      first_ration, chequers_ecumenical_altar_simple_redux,
          minmay_misc_feat_more_columns
D:3:      gup_sewer_entry_bowl, item_on_display_a
D:4:      kennysheep_mini_moat, grunt_temple_overflow_open,
          gammafunk_ghost_smash
D:5:      lemuel_round_altar, minmay_temple_entry_purple_smoke
D:6:      uniq_prince_ribbit1
D:7:      nicolae_overflow_crystal_walls, kennysheep_mini, uniq_harold,
          uniq_joseph, uniq_duvessa, uniq_crazy_yiuf_cottage
Sewer:    sewer_big_baddie

Table legend:
 A = Turns spent in this place as a percentage of turns spent in the entire game.
 B = Non-inter-level travel turns spent in this place as a percentage of non-inter-level travel turns spent in the entire game.
 C = Inter-level travel turns spent in this place as a percentage of turns spent in this place.
 D = Turns resting spent in this place as a percentage of non-inter-level travel turns spent in this place.
 E = Turns spent auto-exploring this place as a percentage of non-inter-level travel turns spent in this place.
 F = Non-inter-level travel turns spent in this place divided by the number of levels of this place that you've seen.
                   A       B       C       D       E      F
               +-------+-------+-------+-------+-------+----------------------
         Total | 100.0 | 100.0 |   4.2 |  11.6 |  70.7 | 717.8
       Dungeon |  97.5 |  97.4 |   4.3 |  11.9 |  70.7 | 799.3
         Sewer |   2.5 |   2.6 |   0.0 |   0.0 |  71.4 | 147.0
               +-------+-------+-------+-------+-------+----------------------

Table legend:
 A = Kills in this place as a percentage of kills in entire the game.
 B = Kills by you in this place as a percentage of kills by you in the entire game.
 C = Kills by friends in this place as a percentage of kills by friends in the entire game.
 D = Other kills in this place as a percentage of other kills in the entire game.
 E = Experience gained in this place as a percentage of experience gained in the entire game.
 F = Experience gained in this place divided by the number of levels of this place that you have seen.
                   A       B       C       D       E      F
               +-------+-------+-------+-------+-------+----------------------
         Total | 100.0 | 100.0 | 100.0 |   N/A | 100.0 | 221.6
       Dungeon |  93.8 |  93.7 | 100.0 |   N/A |  99.6 | 252.3
         Sewer |   6.2 |   6.3 |   0.0 |   N/A |   0.4 |   7.0
               +-------+-------+-------+-------+-------+----------------------
